 Dungeon Crawl Stone Soup version 0.28-a0-1435-g82390b3a13 (webtiles) character file.

Game seed: 17410604413740706739

130 Lekart the Skirmisher (level 4, -3/40 HPs)
             Began as a Draconian Fighter on Jan 9, 2022.
             Asphyxiated
             ... in a sewer.
             The game lasted 00:04:45 (3214 turns).

Lekart the Skirmisher (Draconian Fighter)           Turns: 3214, Time: 00:04:45

Health: -3/40      AC:  8    Str: 19    XL:     4   Next: 90%
Magic:  4/4        EV: 12    Int: 10    God:
Gold:   110        SH:  0    Dex: 12    Spells: 2/4 levels left

rFire   + . .      SeeInvis .   o - staff of fire
rCold   . . .      Faith    .   (no shield)
rNeg    . . .      Spirit   .   (armour unavailable)
rPois   .          Reflect  .   (helmet restricted)
rElec   .          Harm     .   (no cloak)
rCorr   .          Rampage  .   (no gloves)
Will    .....                   e - +2 pair of boots
Stlth   +.........              (no amulet)
HPRegen 0.13/turn               (no ring)
MPRegen 0.09/turn               (no ring)

@: mighty, lethally poisoned (-3 -> -24), flying, slowed, very slow
A: AC +5, unfitting armour, cold-blooded, clever 1, wild magic 1
a: no special abilities


You were in a sewer.
You visited 1 branch of the dungeon, and saw 3 of its levels.
You also visited: Sewer.

You collected 110 gold pieces.

Inventory:

Hand Weapons
 a - a +0 long sword
Armour
 b - a +1 buckler
 e - a +2 pair of boots (worn)
Magical Staves
 o - a staff of fire (weapon)
Scrolls
 h - 3 scrolls of identify
 p - a scroll of enchant armour
Potions
 g - 2 potions of magic
 j - 2 potions of heal wounds {unknown}
 k - a potion of berserk rage {unknown}
 m - a potion of haste {unknown}
 n - a potion of attraction {unknown}
 q - a potion of resistance {unknown}


   Skills:
 + Level 4.2 Fighting
 + Level 2.9 Long Blades
 + Level 1.2 Staves
 + Level 3.2 Dodging
 + Level 3.3 Shields
 * Level 0.6 Spellcasting
 * Level 0.7 Fire Magic


You had 2 spell levels left.
You knew the following spells:

 Your Spells              Type           Power      Damage    Failure   Level
a - Scorch                Fire           6%         2d5       47%         2

Your spell library contained the following spells:

 Spells                   Type           Power      Damage    Failure   Level
 Conjure Flame            Conj/Fire      2%         6-21      75%         3
 Ignite Poison            Fire/Tmut/Pois 1%         N/A       77%         3
 Flame Wave               Conj/Fire      2%         2d4       98%         4
 Sticky Flame             Conj/Fire      2%         2d3       98%         4
 Summon Cactus Giant      Summ           0%         N/A       100%        6


Dungeon Overview and Level Annotations

Branches:
Dungeon (3/15)              Sewer (1/1)

Altars:

Shops:
D:1 (


Innate Abilities, Weirdness & Mutations

Your plain brown scales are hard. (AC +5)
You cannot fit into any form of body armour.
You are cold-blooded and may be slowed by cold attacks.
Your mind is acute. (Int +2)
Your spells are a little harder to cast, but a little more powerful.


Message History

It was a potion of curing.
You feel better.
You enter the shallow water.
Moving in this stuff is going to be slow.
The kobold brigand throws a curare-tipped dart.
The curare-tipped dart hits you.
You are poisoned.
You have difficulty breathing.
You feel as though you will be slow longer.
The kobold brigand throws a curare-tipped dart.
The curare-tipped dart hits you.
You are more poisoned.
You have difficulty breathing.
You feel as though you will be slow longer.
You feel extremely sick. The kobold brigand barely misses you.
You feel very mighty all of a sudden.
You feel very sick.
The kobold brigand splashes around in the water.
The kobold brigand hits you with a +0 dagger.
* * * LOW HITPOINT WARNING * * *
Your unstable footing causes you to fumble your attack.
You feel sick. The kobold brigand barely misses you.
You completely miss the kobold brigand.
You feel sick.
The kobold brigand hits you but does no damage.
The kobold brigand hits you with a +0 dagger.
* * * LOW HITPOINT WARNING * * *
It was a potion of magic.
Magic courses through your body.
You feel sick.
The kobold brigand hits you but does no damage.
The kobold brigand splashes around in the water.
It was a potion of flight.
You feel very buoyant.
You fly up into the air.
You feel sick.
You are no longer poisoned.
The kobold brigand hits you with a +0 dagger.
* * * LOW HITPOINT WARNING * * *
The kobold brigand throws a curare-tipped dart.
The curare-tipped dart hits you.
You are lethally poisoned!
You have difficulty breathing.
You die...

.K≈ #....≈#####.. #≈#
##≈≈.## ##. #.# ##≈##
## #.# #≈# # #.# #≈# #
##.## ##≈## ## ##.≈.##
##..≈## ##.
#....≈####≈≈..≈#####≈.
#≈≈..@≈KK≈.≈..≈≈≈≈≈≈≈.
#....≈####≈...≈#####..
##≈..## ##≈≈.## ##.
##≈## ##≈## ## #≈# #≈#
# #≈# #≈≈ # #≈# #≈## #
##≈## ##≈## ## ##.≈.##
##.≈≈## ##.


You could see 2 kobold brigands.

Vanquished Creatures
  3 river rats (Sewer)
  2 adders (Sewer)
  5 worms
  A dart slug (D:1)
  8 ball pythons
  5 bats
  5 endoplasms
  4 giant cockroaches
  7 goblins
  4 hobgoblins
  4 jackals (D:1)
  2 quokkas
  9 kobolds
  9 rats
68 creatures vanquished.

Notes
Turn   | Place    | Note
-------+----------+-------------------------------------------
     0 | D:1      | Lekart the Draconian Fighter began the quest for the Orb.
     0 | D:1      | Reached XP level 1. HP: 19/19 MP: 1/1
    33 | D:1      | Found Zaje's Weapon Boutique.
    96 | D:1      | Reached XP level 2. HP: 11/27 MP: 2/2
   531 | D:1      | Reached skill level 4 in Fighting
   842 | D:1      | Reached XP level 3. HP: 33/33 MP: 3/3
  1151 | D:2      | Found a faded altar of an unknown god.
  1154 | D:2      | Noticed a floating eye
  1155 | D:2      | Noticed a great orb of eyes
  1155 | D:2      | Noticed a floating eye
  1155 | D:2      | Noticed a shining eye
  2042 | D:2      | Learned a level 2 spell: Scorch
  2060 | D:3      | Gained mutation: Your spells are a little harder to cast,
                  | but a little more powerful. [potion of mutation]
  2060 | D:3      | Gained mutation: Your mind is acute. (Int +2) [potion of
                  | mutation]
  2263 | D:3      | Found a glowing drain.
  2272 | Sewer    | Entered a sewer
  2284 | Sewer    | Reached XP level 4. HP: 26/40 MP: 4/4
  2928 | Sewer    | Reached skill level 1 in Staves
  3043 | Sewer    | Noticed a kobold brigand
  3043 | Sewer    | Noticed a kobold brigand
  3213 | Sewer    | HP: 2/40 [kobold brigand (1)]
  3214 | Sewer    | Asphyxiated

Illustrated notes

Levels and vault maps discovered:
D:1:      dpeg_arrival_arbitrary_c, layout_loops_cross, serial_shops,
          shop_statue
D:2:      layout_basic, hellmonk_ecumenical_altar_watching_god,
          kennysheep_doodads, minmay_split_cup_small
D:3:      kb_forest_paths, layout_basic, cheibrodos_sewer_entry_sluice,
          uniq_robin
Sewer:    sewer_co_15_rooms

Skill      XL: |  1  2  3  4 |
---------------+-------------+-----
Fighting       | 4 |  4.2
Dodging        | 3 |  3.2
Staves         | 1 |  1.2
Long Blades    | |  2.9
Shields        | |  3.3
Spellcasting   | |  0.6
Fire Magic     | |  0.7

Action                   |  1- 3 |  4- 6 || total
-------------------------+-------+-------++-------
Melee: Long sword        |   120 |       ||   120
       Tailslap          |    13 |    16 ||    29
       Staff             |    35 |   104 ||   139
 Cast: Scorch            |       |     4 ||     4
  Use: Scroll            |     4 |     2 ||     6
       Potion            |     1 |     4 ||     5
 Stab: Sleeping          |     3 |       ||     3
Armor: Skin              |    67 |    22 ||    89
Dodge: Dodged            |   109 |    51 ||   160
Block: Buckler           |    32 |       ||    32

Table legend: (Time is in decaauts)
 A = Elapsed time spent in this place.
 B = Non-inter-level travel time spent in this place.
 C = Inter-level travel time spent in this place.
 D = Time resting spent in this place.
 E = Time spent auto-exploring this place.
 F = Levels seen in this place.
 G = Mean time per level.
                   A        B        C        D        E       F      G
               +--------+--------+--------+--------+--------+-----+--------+
         Total |   3328 |   3299 |     29 |    292 |   2323 |   4 |  832.0 |
       Dungeon |   2327 |   2298 |     29 |    149 |   1692 |   3 |  775.7 |
         Sewer |   1000 |   1000 |      0 |    143 |    631 |   1 | 1000.0 |
               +--------+--------+--------+--------+--------+-----+--------+

Top non-repeatable levels by time:
     D:1: 1082 daAuts
     D:2: 1021 daAuts
   Sewer: 1000 daAuts
     D:3: 224 daAuts
